 Dungeon Crawl Stone Soup version 0.28.0-1-gb440e238dd (webtiles) character file.

Game seed: 17213613654059376198

8785 Fallenstar the Severer (level 11, -5/88 (95) HPs)
             Began as a Minotaur Fighter on Feb 19, 2022.
             Was a High Priest of Okawaru.
             Killed from afar by an orc sorcerer (27 damage)
             ... with a bolt of negative energy
             ... on level 10 of the Dungeon.
             The game lasted 00:44:48 (12674 turns).

Fallenstar the Severer (Minotaur Fighter)          Turns: 12674, Time: 00:44:48

HP:   -5/88 (95)    AC: 21    Str: 24    XL:     11   Next: 14%
MP:   9/10          EV:  6    Int:  5    God:    Okawaru [*****.]
Gold: 958           SH: 10    Dex: 11    Spells: 10/10 levels left

rFire   . . .      SeeInvis +   a - +1 war axe
rCold   . . .      Faith    .   v - +0 kite shield
rNeg    . . .      Spirit   .   n - +1 plate armour
rPois   .          Reflect  .   l - +2 hat
rElec   .          Harm     .   j - +1 cloak
rCorr   .          Rampage  .   (no gloves)
Will    .....                   m - +0 pair of boots
Stlth   ..........              (no amulet)
HPRegen 0.24/turn               p - ring of see invisible
MPRegen 0.12/turn               H - ring of flight

@: flying, drained, invisible
A: horns 2, retaliatory headbutt, talons 1
a: Renounce Religion, Heroism, Finesse, Duel


You were on level 10 of the Dungeon.
You worshipped Okawaru.
Okawaru was extremely pleased with you.
You visited 3 branches of the dungeon, and saw 13 of its levels.

You collected 958 gold pieces.

Inventory:

Hand Weapons
 a - a +1 war axe (weapon)
 d - the +3 dagger of Death's Door {spect, rC+ Int+4 Dex+4}
   (You found it on level 9 of the Dungeon)

   When its wielder attacks, the weapon's spirit leaps out and strikes again.
   The spirit shares a part of any damage it takes with its wielder.
   Int:       It affects your intelligence (+4).
   Dex:       It affects your dexterity (+4).
   rC:        It protects you from cold.
 z - a +2 flail of protection
Missiles
 q - 2 throwing nets (quivered)
Armour
 j - a +1 cloak (worn)
 l - a +2 hat (worn)
 m - a +0 pair of boots (worn)
 n - a +1 plate armour (worn)
 v - a +0 kite shield (worn)
Jewellery
 f - a ring of protection from fire
 p - a ring of see invisible (left hand)
 r - a ring of protection from cold
 G - a +6 ring of intelligence
 H - a ring of flight (right hand)
Wands
 s - a wand of flame (24)
 u - a wand of digging (13)
 w - a wand of iceblast (9)
 x - a wand of acid (3)
Scrolls
 g - a scroll of blinking
 k - 3 scrolls of enchant weapon
 t - 2 scrolls of fog
 D - 2 scrolls of teleportation
Potions
 b - a potion of invisibility
 c - 2 potions of curing
 e - 2 potions of magic
 i - 5 potions of brilliance
 o - a potion of cancellation
 A - a potion of resistance {unknown}
 B - a potion of berserk rage {unknown}
 C - a potion of lignification {unknown}
 E - a potion of ambrosia
 F - a potion of flight {unknown}
 I - a potion of degeneration {unknown}


   Skills:
 + Level 8.3 Fighting
 * Level 15.4 Axes
 + Level 9.6 Armour
 - Level 1.8 Dodging
 + Level 0.6 Stealth
 + Level 7.8 Shields
 + Level 0.3 Invocations


You had 10 spell levels left.
You didn't know any spells.
Your spell library contained the following spells:

 Spells                   Type           Power      Damage    Failure   Level
 Sandblast                Erth           0%         2d4       100%        1
 Blink                    Tloc           0%         N/A       100%        2
 Passwall                 Tmut/Erth      0%         N/A       100%        2
 Scorch                   Fire           0%         2d5       100%        2
 Static Discharge         Conj/Air       0%         N/A       100%        2
 Gell's Gravitas          Tloc           0%         N/A       100%        3
 Lesser Beckoning         Tloc           0%         N/A       100%        3
 Stone Arrow              Conj/Erth      0%         3d7       100%        3
 Teleport Other           Tloc           0%         N/A       100%        3
 Flame Wave               Conj/Fire      0%         2d4       100%        4
 Passage of Golubria      Tloc           0%         N/A       100%        4
 Lightning Bolt           Conj/Air       0%         1d11      100%        5
 Manifold Assault         Tloc           0%         N/A       100%        5
 Yara's Violent Unravell  Hex/Tmut       0%         3d3       100%        5
 Storm Form               Tmut/Air       0%         N/A       100%        7
 Maxwell's Capacitive Co  Air            0%         ∞         100%        8
 Tukima's Dance           Hex            Unusable   N/A       N/A         3
 Summon Cactus Giant      Summ           Unusable   N/A       N/A         6

Dungeon Overview and Level Annotations

Branches:
Dungeon (10/15)            Temple (1/1) D:4            Lair (2/6) D:8
  Swamp: Lair:2-4    Shoals: Lair:2-4     Snake: Lair:2-4    Spider: Lair:2-4
    Orc: D:9-12

Altars:
Ashenzari
Cheibriados
Dithmenos
Elyvilon
Fedhas
Gozag
Hepliaklqana
Kikubaaqudgha
Makhleb
Nemelex Xobeh
Okawaru
Qazlal
Ru
Sif Muna
Trog
Uskayaw
Vehumet
Wu Jian
Xom
Yredelemnul
Zin
The Shining One


Innate Abilities, Weirdness & Mutations

You have a pair of horns on your head.
You reflexively headbutt those who attack you in melee.
You have sharp toenails.


Message History

You feel as though you will be slow longer.
You feel sick.
You are no longer poisoned.
The hornet stings you.
You shrug off the repeated paralysis!
The hornet stings you but does no damage. x2
The orc sorcerer points at you and mumbles some strange words.
The bolt of negative energy hits you!
You feel drained.
The hornet stings you but does no damage.
The orc sorcerer hits you but does no damage.
The hornet stings you.
You are poisoned.
You feel as though you will be slow longer.
You feel sick.
The hornet stings you but does no damage. x3
The orc sorcerer hits you but does no damage.
You feel sick. The hornet stings you.
You shrug off the repeated paralysis!
The hornet stings you but does no damage.
The orc sorcerer hits you but does no damage.
The hornet stings you but does no damage.
You feel like a meek peon again.
You feel sick.
The hornet stings you but does no damage. x3
The orc sorcerer points at you and mumbles some strange words.
The bolt of fire hits you!
* * * LOW HITPOINT WARNING * * *
You can move again.
Okay, then.
Blink to where?
Press: ? - help, Dir - move target
As you read the scroll of blinking, it crumbles to dust.
You feel sick.
You feel yourself speed up.
You feel sick. You block the hornet's attack.
There is an escape hatch in the floor here.
You feel sick.
You are no longer poisoned.
The hornet barely misses you. You furiously retaliate!
You headbutt the hornet!
The orc sorcerer gestures at you while chanting.
The bolt of negative energy hits you!!
You feel drained.
You die...

#.*,*,,#y.#...#..#####....#
,,*,*,,#..#...##.##.#....##
,,*,,*,,#..#...#.#.......##
,,*,,*,,#..#...#......#...#
,,*,,,*,,#y.#.†#...#####..#
,,*,,,*,,#oy#.yo..## #...#
,,*,,,*,,#..#y.#.y.####..##
,,*,,*,,*..#..y##o..#.....###
,,*,,*,,#..#...#@y..........#
.(*,*,,*..#...##......##..[##
..*,*,,#..#...#......###.###
..#,,,,......##......# ###
..#############.....##
....................#
....................##
...........#.........#
.##........#....#...##


You could see 2 hornets and an orc sorcerer.

Vanquished Creatures
  A centaur warrior (D:9)
  2 black mambas (Lair:1)
  A cane toad (Lair:2)
  2 komodo dragons
  A troll (D:9)
  2 hornets (D:10)
  A vampire (D:10)
  6 yaks (Lair:1)
  Menkaure (D:5)
  2 acid dragons
  2 water moccasins (Lair:1)
  An ice beast (D:7)
  3 sky beasts
  A floating eye (D:10)
  A black bear (D:4)
  2 orc warriors
  2 necrophages
  4 ogres
  4 centaurs
  2 phantoms
  4 kobold brigands
  4 gnoll sergeants
  4 bullfrogs
  A wyvern zombie (D:8)
  A scorpion (D:5)
  3 killer bees (D:8)
  3 howler monkeys (D:8)
  4 centaur zombies
  5 hounds
  5 orc priests
  4 gnoll shamans
  4 bullfrog skeletons
  4 iguanas
  An orc wizard (D:5)
  Ijyb (D:5)
  A howler monkey zombie (D:10)
  Robin (D:3)
  9 adders
  30 gnolls
  7 river rats (D:5)
  2 shadow imps
  2 white imps
  An ufetubus (D:4)
  A worm (D:2)
  A dart slug (D:4)
  16 orcs
  5 ball pythons
  3 endoplasms (D:2)
  2 giant cockroaches
  22 goblins
  14 hobgoblins
  11 jackals
  11 quokkas
  3 bats
  3 frilled lizards
  32 kobolds
  A quokka skeleton (D:4)
  17 rats
284 creatures vanquished.

Vanquished Creatures (others)
  5 fungi (Lair:2)
  27 plants
32 creatures vanquished.

Grand Total: 316 creatures vanquished

Notes
Turn   | Place    | Note
-------+----------+-------------------------------------------
     0 | D:1      | Fallenstar the Minotaur Fighter began the quest for the
                  | Orb.
     0 | D:1      | Reached XP level 1. HP: 19/19 MP: 0/0
   262 | D:1      | Reached XP level 2. HP: 27/27 MP: 1/1
   757 | D:2      | Reached XP level 3. HP: 28/33 MP: 2/2
   772 | D:2      | Reached skill level 3 in Axes
   863 | D:2      | Reached XP level 4. HP: 15/41 MP: 3/3
  1805 | D:3      | Found a faded altar of an unknown god.
  1953 | D:3      | Reached skill level 4 in Axes
  2718 | D:3      | Noticed Robin
  2728 | D:3      | Reached XP level 5. HP: 44/47 MP: 4/4
  2744 | D:3      | Killed Robin
  2992 | D:4      | Noticed a necrophage
  2994 | D:4      | Reached skill level 5 in Armour
  3000 | D:4      | Killed a necrophage
  3001 | D:4      | Reached skill level 5 in Axes
  3001 | D:4      | Reached XP level 6. HP: 48/55 MP: 5/5
  3062 | D:4      | Reached skill level 5 in Fighting
  3092 | D:4      | Found a staircase to the Ecumenical Temple.
  3101 | Temple   | Entered the Ecumenical Temple
  3524 | Temple   | Became a worshipper of Warmaster Okawaru
  3566 | D:4      | Reached skill level 6 in Axes
  3566 | D:4      | Reached skill level 1 in Dodging
  4366 | D:5      | Entered Level 5 of the Dungeon
  4390 | D:5      | Reached XP level 7. HP: 52/61 MP: 6/6
  4454 | D:5      | Noticed Ijyb
  4463 | D:5      | Killed Ijyb
  4463 | D:5      | Reached * piety under Okawaru
  4474 | D:5      | Reached skill level 7 in Axes
  4503 | D:5      | Gained mutation: Your muscles are strong. (Str +2) [potion
                  | of mutation]
  4503 | D:5      | Gained mutation: You passively map a small area around you.
                  | [potion of mutation]
  4504 | D:5      | Lost mutation: Your muscles are strong. (Str +2) [potion of
                  | mutation]
  4504 | D:5      | Lost mutation: You passively map a small area around you.
                  | [potion of mutation]
  4504 | D:5      | Gained mutation: You have sharp toenails. [potion of
                  | mutation]
  4658 | D:5      | Noticed Menkaure
  4666 | D:5      | Killed Menkaure
  4885 | D:5      | Reached skill level 8 in Axes
  4886 | D:5      | Reached XP level 8. HP: 70/70 MP: 7/7
  4935 | D:5      | Reached ** piety under Okawaru
  5052 | D:5      | Reached skill level 9 in Axes
  5492 | D:5      | Reached skill level 5 in Shields
  5607 | D:5      | Reached skill level 10 in Axes
  5729 | D:6      | You fall into a shaft and drop 2 floors!
  5895 | D:8      | Found a staircase to the Lair.
  5970 | D:8      | Reached XP level 9. HP: 62/78 MP: 8/8
  6183 | D:8      | Reached skill level 11 in Axes
  6206 | D:7      | Reached *** piety under Okawaru
  7085 | D:7      | Reached skill level 12 in Axes
  7570 | D:7      | Reached **** piety under Okawaru
  7924 | Lair:1   | Entered Level 1 of the Lair of Beasts
  8165 | Lair:1   | Reached skill level 13 in Axes
  8182 | Lair:1   | Reached XP level 10. HP: 74/86 MP: 9/9
  8312 | Lair:1   | Noticed a black mamba
  8323 | Lair:1   | Killed a black mamba
  8324 | Lair:1   | Reached skill level 14 in Axes
  8458 | Lair:1   | Reached ***** piety under Okawaru
  8788 | Lair:1   | Noticed a black mamba
  8792 | Lair:1   | Killed a black mamba
  9825 | Lair:2   | Noticed a cane toad
  9828 | Lair:2   | Noticed a six-headed hydra
  9834 | Lair:2   | Killed a cane toad
 10794 | D:9      | Reached skill level 15 in Axes
 10927 | D:9      | Found a hazy altar of Hepliaklqana.
 10983 | D:9      | Noticed a centaur warrior
 10988 | D:9      | Killed a centaur warrior
 11080 | D:9      | Reached XP level 11. HP: 46/94 MP: 10/10
 11625 | D:9      | Identified the +3 dagger of Death's Door {spect, rC+ Int+4
                  | Dex+4}
 11927 | D:10     | Entered Level 10 of the Dungeon
 12647 | D:10     | Noticed an orc sorcerer
 12666 | D:10     | Paralysed by an orc sorcerer for 6 turns
 12674 | D:10     | Killed from afar by an orc sorcerer

Illustrated notes

Levels and vault maps discovered:
D:1:      kennysheep_arrival_forest, layout_rooms
D:2:      layout_loops_ring, serial_forest, infiniplex_forest_end_2,
          infiniplex_forest_zigzag_1, infiniplex_forest_straight_2,
          infiniplex_forest_straight_3, infiniplex_forest_clump_long,
          infiniplex_forest_lined_ring
D:3:      kennysheep_goblin_castle, layout_loops_ring,
          hellmonk_ecumenical_altar_leap_of_faith
D:4:      layout_basic, minmay_temple_entry_water_ring, st_stairs_1
D:5:      lemuel_ratsnest, layout_basic, uniq_ijyb, uniq_menkaure
D:6:      layout_cave_pools
D:7:      kennysheep_housing_project, layout_basic
D:8:      layout_basic, lair_entry_dummy, grunt_decor_clamped,
          wad_woods_river_04, st_stairs_7
D:9:      layout_stronghold, lemuel_tele_altar, eino_tiny_chamber,
          hangedman_decor_growths
D:10:     hellmonk_paralyzer, layout_cave_pools, corexii_hall_statues_l
Temple:   mainiacjoe_temple_circle_huts
Lair:1:   layout_layer_cave, infiniplex_staircase_pool_2
Lair:2:   layout_loops_ring, spider_nest_entry_web_field, grunt_megastairs_4,
          lemuel_fruit_tree

Skill      XL: |  1  2  3  4  5  6  7  8  9 10 |
---------------+-------------------------------+-----
Fighting       | 4 5 6 7 8 |  8.3
Armour         | 4 5 6 7 9 |  9.6
Axes           | 3 4 5 6 8 10 13 15 | 15.4
Shields        | 4 5 6 7 |  7.8
Dodging        | 1 |  1.8
Stealth        | |  0.6
Invocations    | |  0.3

Action                   |  1- 3 |  4- 6 |  7- 9 | 10-12 || total
-------------------------+-------+-------+-------+-------++-------
Melee: War axe           |    58 |   144 |   383 |   169 ||   754
       Headbutt          |     8 |    26 |    75 |    31 ||   140
Invok: Heroism           |       |       |     3 |     6 ||     9
  Use: Scroll            |       |     8 |     7 |     6 ||    21
       Potion            |       |     1 |     6 |     2 ||     9
 Stab: Invisible         |       |       |       |     2 ||     2
Armor: Scale mail        |    33 |    87 |    80 |       ||   200
       Plate armour      |       |       |   139 |   116 ||   255
Dodge: Dodged            |    28 |    70 |   106 |    46 ||   250
Block: Buckler           |    12 |    38 |    10 |       ||    60
       Kite shield       |       |       |   141 |   114 ||   255
